Map: Pillars of Gold LE

Players

Nina

  • Race: Protoss Protoss
  • League: Grandmaster
  • Spawn Location: 1:00

Future - Winner!

  • Race: Terran Terran
  • Spawn Location: 7:00

Event: DreamHack SC2 Masters 2020 Summer North America

VOD

Have the link to the VOD?

Description

Time

  • Played on: July 3, 2020, 5:55 p.m.
  • Length: 13:59

All games in this series

Show
View Real Time Build Order
Export as new Build Order

Nina Protoss 

Build Orders: 1 Gate Expand, Zealot Archon, Colossus Rush 

Get SALT Encoding   

  12  0:00  Probe  
  13  0:12  Probe  
  14  0:20  Pylon  
  14  0:25  Probe  
  15  0:35  Probe  
  15  0:39  Gateway  
  16  0:43  Probe  
  17  0:51  Assimilator  
  17  0:52  Probe  
  18  1:05  Probe  
  19  1:17  Probe  
  20  1:26  Cybernetics Core  
  20  1:36  Nexus  
  20  1:47  Pylon  
  20  1:49  Probe  
  21  1:56  Adept, Assimilator  
  21  2:01  Probe  
  21  2:05  Warp Gate  
  24  2:13  Probe  
  25  2:25  Probe  
  25  2:27  Stalker  
  28  2:37  Probe  
  28  2:42  Robotics Facility  
  29  2:44  Probe  
  29  2:46  Probe  
  31  2:52  Probe  
  31  2:54  Probe  
  31  2:57  Stalker  
  35  3:02  Probe  
  35  3:04  Probe  
  36  3:11  Probe  
  36  3:12  Gateway  
  37  3:16  Probe  
  39  3:20  Probe  
  39  3:22  Gateway  
  40  3:28  Assimilator, Probe  
  40  3:30  Observer, Probe  
  43  3:36  Pylon  
  43  3:40  Probe  
  44  3:42  Probe  
  44  3:45  Observer  
  44  3:48  Assimilator  
  45  3:52  Pylon  
  45  3:54  Probe x2  
  48  3:57  Robotics Bay  
  48  4:04  Warp Prism  
  48  4:06  Probe x2  
  48  4:07  Shield Battery  
  52  4:18  Sentry, Probe  
  52  4:20  Probe  
  56  4:25  Stalker  
  56  4:30  Pylon, Probe  
  59  4:37  Probe  
  59  4:38  Pylon  
  60  4:43  Colossus  
  59  4:50  Gravitic Drive  
  59  4:51  Probe  
  66  5:01  Probe  
  64  5:18  Probe  
  64  5:19  Probe  
  66  5:27  Observer  
  66  5:30  Probe  
  66  5:32  Sentry, Twilight Council  
  66  5:33  Colossus, Forge  
  74  5:45  Stalker x2  
  78  5:57  Gateway  
  78  5:58  Gateway  
  78  6:00  Extended Thermal Lance  
  78  6:01  Gateway  
  78  6:06  Pylon  
  78  6:14  Protoss Ground Weapons Level 1, Charge  
  78  6:24  Nexus, Probe  
  79  6:26  Sentry  
  81  6:34  Stalker x2  
  86  6:40  Observer  
  86  6:41  Pylon  
  86  6:43  Pylon  
  86  6:45  Pylon  
  86  6:57  Templar Archives  
  86  7:01  Shield Battery, Pylon  
  86  7:07  Zealot x4  
  86  7:08  Probe  
  95  7:09  Probe  
  96  7:24  Zealot x2  
  96  7:25  Probe  
  96  7:28  Photon Cannon, Probe  
  102  7:33  High Templar  
  102  7:35  High Templar x2, Zealot  
  108  7:38  Shield Battery  
  108  7:39  Archon  
  108  7:41  Probe  
  109  7:46  Zealot x2  
  109  7:49  Probe  
  114  7:53  Probe  
  115  7:59  Zealot  
  115  8:01  Probe  
  115  8:05  Probe  
  109  8:10  Zealot x3  
  109  8:11  Zealot x2  
  103  8:16  Colossus  
  107  8:24  Probe  
  107  8:26  Zealot  
  92  8:32  High Templar x2, Zealot x3  
  102  8:34  Probe x2  
  102  8:36  Archon  
  102  8:39  Protoss Ground Armor Level 1  
  102  8:40  Probe  
  105  8:45  Zealot  
  101  8:55  Probe  
  101  9:00  Psionic Storm, Blink  
  101  9:02  Probe  
  102  9:03  Assimilator  
  102  9:04  Assimilator, Zealot  
  102  9:08  Zealot x2  
  108  9:13  Zealot  
  108  9:14  Zealot  
  110  9:18  Pylon  
  110  9:22  Stalker  
  108  9:24  Immortal  
  108  9:27  High Templar  
  108  9:28  Probe  
  115  9:35  Observer  
  115  9:37  Observer  
  115  9:38  Gateway, High Templar  
  115  9:40  Gateway  
  117  9:46  High Templar  
  117  9:50  Pylon  
  117  9:52  Gateway  
  119  9:55  Gateway  
  119  9:59  Zealot x2  
  123  10:00  Zealot  
  123  10:04  Immortal  
  123  10:06  Forge  
  125  10:08  High Templar  
  131  10:20  High Templar  
  133  10:22  Nexus, Observer  
  133  10:30  High Templar x2  
  133  10:34  Archon  
  133  10:35  Stalker  
  139  10:37  Shield Battery  
  139  10:47  Immortal  
  139  10:49  Zealot x4  
  149  10:52  Pylon  
  149  10:55  Pylon  
  149  11:03  Observer  
  149  11:04  Protoss Ground Armor Level 2  
  149  11:11  Zealot x3  
  155  11:12  Zealot  
  155  11:14  Pylon  
  155  11:15  Pylon  
  117  11:26  Zealot x4  
  117  11:32  Zealot x3  
  119  11:34  High Templar  
  119  11:36  High Templar  
  121  11:43  Zealot  
  114  11:47  Zealot x3  
  119  11:54  High Templar  
  119  12:00  Archon  
  119  12:01  Archon  
  99  12:02  Zealot x2  
  99  12:03  Disruptor  
  99  12:06  Zealot x2  
  85  12:11  Zealot x3  
  94  12:19  Zealot x2  
  94  12:26  Pylon  
  94  12:27  High Templar  
  94  12:28  High Templar x2  
  98  12:36  Archon, High Templar  
  82  12:37  Zealot x2  
  82  12:42  Archon  
  82  12:44  Zealot x2  
  84  12:50  Zealot  
  74  12:54  Zealot  
  74  12:57  Zealot x2  
  69  13:00  Zealot x3  
  69  13:04  Disruptor  
  66  13:06  High Templar x2  
  66  13:11  Archon  
  66  13:12  High Templar x2  
  70  13:17  Archon  
  70  13:21  Zealot x3  
  70  13:22  Zealot  
  70  13:25  High Templar  
Show
View Real Time Build Order
Export as new Build Order

Future Terran - Winner!

Build Orders: Reaper Expand 

Get SALT Encoding   

  12  0:01  SCV  
  13  0:13  SCV  
  14  0:18  Supply Depot  
  14  0:25  SCV  
  15  0:39  SCV  
  15  0:40  Barracks  
  16  0:46  Refinery  
  16  0:51  SCV  
  17  1:03  SCV  
  18  1:16  SCV  
  19  1:28  Orbital Command  
  19  1:29  Reaper  
  20  1:46  Command Center  
  20  1:54  SCV  
  20  2:01  Marine  
  21  2:06  SCV  
  23  2:10  Supply Depot  
  23  2:15  Factory  
  23  2:23  Barracks Reactor  
  23  2:31  Refinery, SCV  
  24  2:38  Bunker  
  24  2:44  SCV  
  25  2:56  SCV  
  26  2:59  Orbital Command  
  26  3:00  Starport  
  26  3:02  Marine  
  26  3:05  Marine  
  28  3:08  SCV  
  31  3:12  Widow Mine  
  31  3:20  Marine, SCV  
  31  3:23  Marine  
  31  3:25  SCV  
  35  3:29  Supply Depot  
  35  3:32  SCV  
  36  3:35  Widow Mine  
  36  3:37  SCV  
  36  3:39  Medivac  
  41  3:44  Marine  
  41  3:45  Marine, SCV  
  44  3:49  SCV  
  44  3:53  Barracks  
  45  3:57  SCV  
  45  3:58  Factory Tech Lab  
  45  4:01  SCV  
  47  4:03  Supply Depot  
  47  4:05  Marine  
  47  4:06  Marine  
  47  4:09  SCV  
  50  4:15  SCV  
  51  4:17  Siege Tank  
  51  4:18  Starport Tech Lab  
  54  4:24  SCV  
  54  4:25  Supply Depot, Marine  
  54  4:28  SCV  
  54  4:30  Marine  
  58  4:36  SCV  
  59  4:40  SCV  
  60  4:48  Refinery, SCV  
  60  4:49  Engineering Bay, Starport Reactor  
  61  4:53  SCV  
  62  5:00  Stimpack, SCV  
  62  5:01  Barracks  
  62  5:05  SCV  
  64  5:08  Marauder, Marine x2  
  64  5:13  SCV  
  69  5:17  Terran Infantry Weapons Level 1, Supply Depot  
  69  5:18  SCV  
  70  5:34  Supply Depot  
  70  5:38  Siege Tank, Marauder, Marine x2, SCV  
  70  5:39  Viking  
  80  5:43  Medivac  
  80  5:48  SCV  
  80  5:49  Refinery, Supply Depot  
  83  5:56  Marine x2  
  83  6:00  Marauder, Barracks Tech Lab, Supply Depot  
  85  6:15  Siege Tank  
  86  6:21  Combat Shield, Marauder  
  86  6:22  Marauder, Marine x2  
  92  6:26  Supply Depot  
  92  6:33  Medivac  
  94  6:40  Marine x2, Medivac  
  94  6:42  Marauder  
  94  6:44  Marauder  
  98  6:59  Siege Tank  
  98  7:00  Marine x2  
  103  7:01  Command Center  
  103  7:03  Barracks  
  103  7:05  Barracks  
  103  7:07  Viking  
  105  7:15  Viking  
  107  7:16  SCV x2  
  107  7:20  Marauder, Marine x2  
  107  7:21  Marauder  
  112  7:29  Terran Infantry Armor Level 1  
  112  7:33  Supply Depot x2  
  112  7:38  Marine x2  
  112  7:39  Siege Tank  
  117  7:52  Supply Depot, Barracks Reactor  
  117  7:54  SCV  
  117  7:55  Marauder x2, SCV  
  117  7:57  Marine  
  117  7:58  Marine, Barracks Tech Lab  
  121  8:11  Siege Tank  
  108  8:16  Marauder x2  
  112  8:23  Marauder, Marine  
  112  8:24  Viking  
  112  8:25  Viking  
  105  8:30  SCV x2  
  107  8:38  Marauder x2  
  107  8:40  Marine x2  
  107  8:41  Marine x2  
  114  8:42  SCV x2  
  114  8:43  Siege Tank  
  114  8:44  Marauder  
  122  8:51  Ghost Academy  
  122  8:55  Orbital Command, SCV x2  
  123  8:59  Marauder  
  126  9:03  Marauder  
  126  9:06  Marauder  
  126  9:07  SCV x2  
  126  9:20  Marauder, Marine x3  
  126  9:21  Marine  
  125  9:24  Marauder  
  125  9:27  Marauder  
  125  9:28  Refinery x2, Medivac  
  125  9:30  Medivac  
  131  9:33  Enhanced Shockwaves  
  131  9:38  Marine x3  
  131  9:39  Marine  
  131  9:42  Marauder  
  139  9:45  Marauder  
  139  9:56  Marine x3  
  139  9:57  Marine, Ghost  
  145  10:01  Supply Depot x2  
  145  10:03  Ghost  
  145  10:06  Ghost  
  149  10:07  Missile Turret  
  149  10:10  Viking, Missile Turret  
  151  10:14  Viking  
  151  10:16  Marine  
  151  10:17  Marine  
  151  10:19  Marine  
  151  10:20  Marine  
  159  10:31  Ghost x2  
  159  10:34  Supply Depot, Marine, Ghost  
  159  10:35  Supply Depot  
  164  10:36  Marine  
  164  10:37  Marine  
  164  10:39  Concussive Shells  
  166  10:43  Viking  
  166  10:46  Viking  
  170  10:51  Marine  
  171  11:00  Marauder  
  171  11:02  Marine x2  
  175  11:08  Siege Tank  
  180  11:11  Marauder x2, Marine x2  
  180  11:15  Supply Depot  
  184  11:19  Marine  
  152  11:27  Marauder  
  152  11:32  Viking x2  
  155  11:33  Marauder  
  155  11:35  Marauder  
  156  11:40  Marine  
  156  11:43  Marine  
  151  11:49  Marauder  
  151  11:51  Siege Tank, Marine  
  159  11:54  Marauder  
  159  11:56  Marauder  
  141  12:04  Marine x2  
  131  12:10  Marauder  
  131  12:12  Medivac x2  
  131  12:13  Marine x2  
  138  12:15  Marauder  
  138  12:18  Marauder  
  135  12:26  Siege Tank  
  135  12:27  Marine x2  
  140  12:31  Marauder, Marine  
  140  12:34  Marine  
  136  12:37  Marauder  
  136  12:39  Marauder  
  136  12:42  Viking x2  
  142  12:44  Marine  
  142  12:45  Marine  
  142  12:49  Marine  
  142  12:51  Marine  
  142  12:53  Marauder  
  136  12:58  Siege Tank, Marauder  
  136  13:00  Marauder  
  136  13:02  Marine  
  142  13:06  Marine  
  142  13:07  Marine  
  142  13:12  Viking  
  146  13:14  Marauder, Viking  
  146  13:15  Marine  
  153  13:20  Marauder, Marine  
  153  13:21  Marine  
  153  13:24  Marine x2  
Tags
 
Add a new tag
Caveats
  • Supply blocks, unpowered buildings, or Contaminate may cause inaccurate times.
  • Supply counts are checked every 10 seconds.